TOP OF THE 1ST |
Texas Rangers batting - Pitching for Houston Astros : RHP Mike Chisolm
|
Pitching: RHP Mike Chisolm
|
|
Batting: SHB Jun Tsuda
|
0-0: Ball 1-0: Swinging Strike 1-1: Foul Ball, location: 2F 1-2: Ball 2-2: Ground out 6-3 (Groundball, 6, EV 104.4 MPH)
|
Batting: LHB Sean Geisler
|
0-0: Ball 1-0: SINGLE (Groundball, 3S, EV 67.5 MPH) (infield hit)
|
Batting: SHB Vince Ealy
|
0-0: Called Strike Sean Geisler steals 2nd base 0-1: Called Strike 0-2: Ball 1-2: Ball 2-2: Ball 3-2: Foul Ball, location: 2F 3-2: SINGLE (Line Drive, 7S, EV 92.5 MPH) Sean Geisler to third
|
Batting: SHB John Giesbrecht
|
0-0: Ball Vince Ealy steals 2nd base 1-0: Foul Ball, location: 2F 1-1: Foul Ball, location: 2F 1-2: Foul Ball, location: 2F 1-2: Fly out, F7 (Line Drive, 78M, EV 100.6 MPH) Runner from 3rd tags up, SCORES, throw by LF Vince Ealy to third
|
Batting: LHB Andy Bowman
|
0-0: Ball 1-0: Ball 2-0: Ball 3-0: Called Strike 3-1: Called Strike 3-2: SINGLE (Line Drive, 5D, EV 98.1 MPH) Vince Ealy scores
|
Batting: RHB Butch Kaiser
|
0-0: Ball 1-0: Ball 2-0: Ball 3-0: Called Strike 3-1: Foul Ball, location: 2F 3-2: Base on Balls Andy Bowman to second
|
Batting: RHB Vincent Poopwell
|
0-0: Ball 1-0: Foul Ball, location: 2F 1-1: Fielders Choice at 2nd, 6-4 (Groundball, 6, EV 79.4 MPH)
|
Top of the 1st over - 2 runs, 3 hits, 0 errors, 2 left on base; Texas 2 - Houston 0 |
BOTTOM OF THE 1ST |
Houston Astros batting - Pitching for Texas Rangers : RHP Pimbly Nimblebottom
|
Pitching: RHP Pimbly Nimblebottom
|
|
Batting: RHB Danny Merrill
|
0-0: Called Strike 0-1: Ball 1-1: Foul Ball, location: 2F 1-2: Ground out 4-3 (Groundball, 4, EV 106.9 MPH)
|
Now at 2B: Jun Tsuda
|
|
Now at 3B: Danny Heyer
|
|
Now at SS: Vince Ealy
|
|
Batting: RHB Josh Froyd
|
0-0: Called Strike 0-1: Foul Ball, location: 2F 0-2: Strikes out swinging
|
Batting: SHB Joe Gardner
|
0-0: Ball 1-0: SOLO HOME RUN (Line Drive, 89XD, EV 105.0 MPH), Distance : 419 ft
|
Batting: RHB Jeremy Trump
|
0-0: Foul Ball, location: 2F 0-1: Ball 1-1: Ball 2-1: Foul Ball, location: 2F 2-2: Ball 3-2: Strikes out swinging
|
Bottom of the 1st over - 1 run, 1 hit, 0 errors, 0 left on base; Texas 2 - Houston 1 |
TOP OF THE 2ND |
Texas Rangers batting - Pitching for Houston Astros : RHP Mike Chisolm
|
Batting: RHB Blake Ballard
|
0-0: Called Strike 0-1: Swinging Strike 0-2: Ball 1-2: Ball 2-2: Strikes out swinging
|
Batting: RHB Rodolfo Contreras
|
0-0: Called Strike 0-1: Foul Ball, location: 2F 0-2: Ball 1-2: Foul Ball, location: 2F 1-2: Foul Ball, location: 2F 1-2: Ball 2-2: Strikes out swinging
|
Batting: SHB Jun Tsuda
|
0-0: Ball 1-0: Ball 2-0: Foul Ball, location: 2F 2-1: Ball 3-1: Foul Ball, location: 2F 3-2: SINGLE (Line Drive, 78S, EV 90.6 MPH)
|
Batting: LHB Sean Geisler
|
0-0: Foul Ball, location: 2F 0-1: Ball Wild Pitch! Jun Tsuda to second 1-1: Ball 2-1: Ball 3-1: Fly out, F6 (Popup, 4M, EV 50.0 MPH)
|
Top of the 2nd over - 0 runs, 1 hit, 0 errors, 1 left on base; Texas 2 - Houston 1 |
BOTTOM OF THE 2ND |
Houston Astros batting - Pitching for Texas Rangers : RHP Pimbly Nimblebottom
|
Batting: RHB Elijah Hunter
|
0-0: Called Strike 0-1: Called Strike 0-2: Ball 1-2: Fly out, F6 (Popup, 15, EV 86.2 MPH)
|
Batting: RHB Eric Chotkowski
|
0-0: Ball 1-0: Ball 2-0: Called Strike 2-1: Swinging Strike 2-2: Ball 3-2: SINGLE (Groundball, 6D, EV 105.6 MPH)
|
Batting: LHB Jim Keefe
|
0-0: Ball 1-0: Ball 2-0: Ball 3-0: Called Strike 3-1: Base on Balls Eric Chotkowski to second
|
Batting: LHB Chris Cabrera
|
0-0: Ball 1-0: 3-RUN HOME RUN (Flyball, 7LD, EV 93.1 MPH), Distance : 351 ft
|
Batting: RHB Antonio Aranda
|
0-0: Ball 1-0: Ball 2-0: Swinging Strike 2-1: Foul Ball, location: 2F 2-2: Strikes out swinging
|
Batting: RHB Danny Merrill
|
0-0: Foul Ball, location: 2F 0-1: Ball 1-1: Ball 2-1: Foul Ball, location: 2F 2-2: Strikes out looking
|
Bottom of the 2nd over - 3 runs, 2 hits, 0 errors, 0 left on base; Texas 2 - Houston 4 |
TOP OF THE 3RD |
Texas Rangers batting - Pitching for Houston Astros : RHP Mike Chisolm
|
Batting: SHB Vince Ealy
|
0-0: Ball 1-0: Called Strike 1-1: Swinging Strike 1-2: Strikes out swinging
|
Batting: RHB Danny Heyer
|
0-0: Called Strike 0-1: DOUBLE (Flyball, 8LXD, EV 105.6 MPH)
|
Batting: LHB Andy Bowman
|
0-0: SINGLE (Line Drive, 7S, EV 98.1 MPH) Danny Heyer to third Runner from 3rd tries for Home, SAFE, throw by LF to home
|
Batting: RHB Butch Kaiser
|
0-0: Foul Ball, location: 2F 0-1: Called Strike 0-2: Ball 1-2: Ball 2-2: Fly out, F8 (Flyball, 8RD, EV 102.5 MPH)
|
Batting: RHB Vincent Poopwell
|
0-0: Called Strike 0-1: Foul Ball, location: 2F 0-2: Foul Ball, location: 2F 0-2: Ball 1-2: Foul Ball, location: 2F 1-2: Foul Ball, location: 2F 1-2: Foul Ball, location: 2F 1-2: Hit by Pitch Andy Bowman to second
|
Batting: RHB Blake Ballard
|
0-0: Called Strike 0-1: Ball 1-1: Ball 2-1: SINGLE (Groundball, 5S, EV 73.1 MPH) (infield hit) Andy Bowman to third Vincent Poopwell to second
|
Batting: RHB Rodolfo Contreras
|
0-0: Swinging Strike 0-1: Called Strike 0-2: Ball 1-2: Strikes out swinging
|
Top of the 3rd over - 1 run, 3 hits, 0 errors, 3 left on base; Texas 3 - Houston 4 |
BOTTOM OF THE 3RD |
Houston Astros batting - Pitching for Texas Rangers : RHP Pimbly Nimblebottom
|
Batting: RHB Josh Froyd
|
0-0: Foul Ball, location: 2F 0-1: Swinging Strike 0-2: Ball 1-2: Strikes out swinging
|
Batting: SHB Joe Gardner
|
0-0: Ball 1-0: Ball 2-0: SINGLE (Groundball, 5L, EV 85.6 MPH) (infield hit)
|
Batting: RHB Jeremy Trump
|
0-0: Called Strike Joe Gardner steals 2nd base 0-1: Foul Ball, location: 2F 0-2: Ball 1-2: Ball 2-2: SINGLE (Flyball, 34D, EV 95.6 MPH) Joe Gardner to third
|
Batting: RHB Elijah Hunter
|
0-0: Ball 1-0: Fielders Choice at 2nd, 4-6 (Groundball, 34, EV 84.4 MPH) Joe Gardner scores
|
Batting: RHB Eric Chotkowski
|
0-0: Swinging Strike 0-1: Fielders Choice at 2nd, U4 (Groundball, 4M, EV 84.4 MPH)
|
Bottom of the 3rd over - 1 run, 2 hits, 0 errors, 1 left on base; Texas 3 - Houston 5 |
TOP OF THE 4TH |
Texas Rangers batting - Pitching for Houston Astros : RHP Mike Chisolm
|
Batting: SHB Jun Tsuda
|
0-0: Ball 1-0: Foul Ball, location: 2F 1-1: Called Strike 1-2: Strikes out looking
|
Batting: LHB Sean Geisler
|
0-0: Ball 1-0: Foul Ball, location: 2F 1-1: Foul Ball, location: 2F 1-2: Strikes out looking
|
Batting: SHB Vince Ealy
|
0-0: Ball 1-0: Foul Ball, location: 2F 1-1: Ball 2-1: Foul Ball, location: 2F 2-2: Foul Ball, location: 2F 2-2: SOLO HOME RUN (Flyball, 8LXD, EV 101.2 MPH), Distance : 415 ft
|
Batting: RHB Danny Heyer
|
0-0: Ball 1-0: SINGLE (Line Drive, 78S, EV 102.5 MPH)
|
Pitching: LHP Curt Joseph
|
|
Batting: LHB Andy Bowman
|
0-0: Ball 1-0: Called Strike 1-1: Swinging Strike 1-2: Ball 2-2: Ball 3-2: Foul Ball, location: 2F 3-2: Foul Ball, location: 2F 3-2: DOUBLE (Flyball, 78D, EV 88.8 MPH) Danny Heyer to third Danny Heyer scores
|
Batting: RHB Butch Kaiser
|
0-0: Ball 1-0: Ball 2-0: Called Strike 2-1: Ball 3-1: Called Strike 3-2: Strikes out swinging
|
Top of the 4th over - 2 runs, 3 hits, 0 errors, 1 left on base; Texas 5 - Houston 5 |
BOTTOM OF THE 4TH |
Houston Astros batting - Pitching for Texas Rangers : RHP Pimbly Nimblebottom
|
Batting: LHB Jim Keefe
|
0-0: Ball 1-0: Ball 2-0: Swinging Strike 2-1: Ball 3-1: Base on Balls
|
Pitching: RHP Brad Kramer
|
|
Batting: LHB Chris Cabrera
|
0-0: Called Strike 0-1: Foul Ball, location: 2F 0-2: Ball 1-2: Ball 2-2: Strikes out swinging
|
Batting: RHB Antonio Aranda
|
0-0: Swinging Strike 0-1: Foul Ball, location: 2F 0-2: Ball 1-2: Grounds into double play, 4-6-3 (Groundball, 4, EV 104.4 MPH)
|
Bottom of the 4th over - 0 runs, 0 hits, 0 errors, 0 left on base; Texas 5 - Houston 5 |
TOP OF THE 5TH |
Texas Rangers batting - Pitching for Houston Astros : LHP Curt Joseph
|
Batting: RHB Vincent Poopwell
|
0-0: Ball 1-0: Fly out, F8 (Flyball, 8LD, EV 101.9 MPH)
|
Batting: RHB Blake Ballard
|
0-0: DOUBLE (Flyball, 8RXD, EV 109.4 MPH)
|
Batting: RHB Rodolfo Contreras
|
0-0: Ground out 5-3 (Groundball, 5, EV 80.0 MPH)
|
Batting: SHB Jun Tsuda
|
0-0: Ball 1-0: Swinging Strike 1-1: Foul Ball, location: 2F 1-2: Strikes out swinging
|
Top of the 5th over - 0 runs, 1 hit, 0 errors, 1 left on base; Texas 5 - Houston 5 |
BOTTOM OF THE 5TH |
Houston Astros batting - Pitching for Texas Rangers : RHP Brad Kramer
|
Batting: RHB Danny Merrill
|
0-0: Ball 1-0: Called Strike 1-1: Foul Ball, location: 2F 1-2: Strikes out swinging
|
Batting: RHB Josh Froyd
|
0-0: Ground out 5-3 (Groundball, 56S, EV 88.8 MPH)
|
Batting: SHB Joe Gardner
|
0-0: Ball 1-0: Ball 2-0: Fly out, F6 (Line Drive, 6, EV 66.9 MPH)
|
Bottom of the 5th over - 0 runs, 0 hits, 0 errors, 0 left on base; Texas 5 - Houston 5 |
TOP OF THE 6TH |
Texas Rangers batting - Pitching for Houston Astros : LHP Curt Joseph
|
Batting: LHB Sean Geisler
|
0-0: Called Strike 0-1: Foul Ball, location: 2F 0-2: Strikes out swinging
|
Batting: SHB Vince Ealy
|
0-0: Called Strike 0-1: Swinging Strike 0-2: Ball 1-2: Foul Ball, location: 2F 1-2: SOLO HOME RUN (Flyball, 78XD, EV 111.2 MPH), Distance : 418 ft
|
Batting: RHB Danny Heyer
|
0-0: Fly out, F8 (Flyball, 8LD, EV 99.4 MPH)
|
Batting: LHB Andy Bowman
|
0-0: Ball 1-0: SINGLE (Line Drive, 6MD, EV 109.4 MPH)
|
Batting: RHB Butch Kaiser
|
0-0: Called Strike Andy Bowman is caught stealing 2nd base 2-4
|
Top of the 6th over - 1 run, 2 hits, 0 errors, 0 left on base; Texas 6 - Houston 5 |
BOTTOM OF THE 6TH |
Houston Astros batting - Pitching for Texas Rangers : RHP Brad Kramer
|
Batting: RHB Jeremy Trump
|
0-0: Ball 1-0: Ball 2-0: Ball 3-0: Called Strike 3-1: Foul Ball, location: 2F 3-2: Strikes out looking
|
Pinch Hitting: LHB Angelo Vasquez
|
0-0: Called Strike 0-1: Called Strike 0-2: Ball 1-2: Ball 2-2: Strikes out looking
|
Pitching: LHP John Roe
|
|
Batting: RHB Eric Chotkowski
|
0-0: Ball 1-0: Foul Ball, location: 2F 1-1: Ball 2-1: SOLO HOME RUN (Flyball, 7D, EV 100.6 MPH), Distance : 393 ft
|
Batting: LHB Jim Keefe
|
0-0: Called Strike 0-1: Ball 1-1: Ball 2-1: Swinging Strike 2-2: Foul Ball, location: 2F 2-2: Fly out, F7 (Flyball, 78M, EV 88.1 MPH)
|
Bottom of the 6th over - 1 run, 1 hit, 0 errors, 0 left on base; Texas 6 - Houston 6 |
TOP OF THE 7TH |
Texas Rangers batting - Pitching for Houston Astros : LHP Curt Joseph
|
Pitching: RHP Josh Holloway
|
|
Now in LF: Bryce Hill
|
|
Batting: RHB Butch Kaiser
|
0-0: Called Strike 0-1: Foul Ball, location: 2F 0-2: Ball 1-2: SOLO HOME RUN (Flyball, 7D, EV 96.2 MPH), Distance : 388 ft
|
Batting: RHB Vincent Poopwell
|
0-0: Ball 1-0: Swinging Strike 1-1: Ball 2-1: Foul Ball, location: 2F 2-2: Ball 3-2: Base on Balls
|
Batting: RHB Blake Ballard
|
0-0: Sac Bunt to 13 - play at first, batter OUT! 1-3 Vincent Poopwell to second
|
Batting: RHB Rodolfo Contreras
|
0-0: Fly out, F9 (Flyball, 9D, EV 78.1 MPH) Runner from 2nd tags up, SAFE at 3rd, no throw by RF
|
Batting: SHB Jun Tsuda
|
0-0: Foul Ball, location: 2F 0-1: Foul Ball, location: 2F 0-2: Ball 1-2: Ball 2-2: Foul Ball, location: 2F 2-2: Ball 3-2: Strikes out swinging
|
Top of the 7th over - 1 run, 1 hit, 0 errors, 1 left on base; Texas 7 - Houston 6 |
BOTTOM OF THE 7TH |
Houston Astros batting - Pitching for Texas Rangers : LHP John Roe
|
Batting: LHB Chris Cabrera
|
0-0: Called Strike 0-1: Foul Ball, location: 2F 0-2: Strikes out looking
|
Batting: RHB Antonio Aranda
|
0-0: Ball 1-0: Ball 2-0: Foul Ball, location: 2F 2-1: Foul Ball, location: 2F 2-2: Ball 3-2: Fly out, F8 (Line Drive, 8RM, EV 95.0 MPH)
|
Batting: RHB Danny Merrill
|
0-0: Called Strike 0-1: Ball 1-1: Ball 2-1: Called Strike 2-2: Strikes out swinging
|
Bottom of the 7th over - 0 runs, 0 hits, 0 errors, 0 left on base; Texas 7 - Houston 6 |
TOP OF THE 8TH |
Texas Rangers batting - Pitching for Houston Astros : RHP Josh Holloway
|
Batting: LHB Sean Geisler
|
0-0: Ball 1-0: Called Strike 1-1: Ball 2-1: Swinging Strike 2-2: Fly out, F8 (Flyball, 89XD, EV 88.8 MPH)
|
Batting: SHB Vince Ealy
|
0-0: Ball 1-0: Ball 2-0: Foul Ball, location: 2F 2-1: Foul Ball, location: 2F 2-2: Hit by Pitch
|
Batting: RHB Danny Heyer
|
0-0: Ball 1-0: Ball 2-0: Ball 3-0: Foul Ball, location: 2F 3-1: DOUBLE (Line Drive, 9LM, EV 109.4 MPH) Vince Ealy to third Runner from 3rd tries for Home, throw by RF and OUT! 9-4-2 Danny Heyer to third
|
Batting: LHB Andy Bowman
|
0-0: Called Strike 0-1: Ball 1-1: Called Strike 1-2: Foul Ball, location: 2F 1-2: Ball 2-2: Ball 3-2: Base on Balls
|
Batting: RHB Butch Kaiser
|
0-0: Swinging Strike 0-1: Ball 1-1: Called Strike 1-2: Strikes out swinging
|
Top of the 8th over - 0 runs, 1 hit, 0 errors, 2 left on base; Texas 7 - Houston 6 |
BOTTOM OF THE 8TH |
Houston Astros batting - Pitching for Texas Rangers : LHP John Roe
|
Batting: RHB Josh Froyd
|
0-0: Ball 1-0: Ball 2-0: Foul Ball, location: 2F 2-1: Ball 3-1: Base on Balls
|
Batting: SHB Joe Gardner
|
0-0: Ball Pickoff Throw to First - Out! 1-3 CS 1-0: Ball 2-0: Ball 3-0: Ground out 6-3 (Groundball, 6, EV 85.6 MPH)
|
Batting: RHB Jeremy Trump
|
0-0: Ball 1-0: Ball 2-0: Fly out, F9 (Flyball, 9S, EV 82.5 MPH)
|
Bottom of the 8th over - 0 runs, 0 hits, 0 errors, 0 left on base; Texas 7 - Houston 6 |
TOP OF THE 9TH |
Texas Rangers batting - Pitching for Houston Astros : RHP Josh Holloway
|
Pitching: RHP Mike Hurst
|
|
Batting: RHB Vincent Poopwell
|
0-0: Called Strike 0-1: Ball 1-1: Foul Ball, location: 2F 1-2: Ball 2-2: Foul Ball, location: 2F 2-2: Ground out 4-3 (Groundball, 4, EV 103.1 MPH)
|
Batting: RHB Blake Ballard
|
0-0: Ball 1-0: Called Strike 1-1: Ball 2-1: Foul Ball, location: 2F 2-2: Foul Ball, location: 2F 2-2: Ground out 6-3 (Groundball, 4M, EV 104.4 MPH)
|
Batting: RHB Rodolfo Contreras
|
0-0: Called Strike 0-1: Ball 1-1: Foul Ball, location: 2F 1-2: Strikes out looking
|
Top of the 9th over - 0 runs, 0 hits, 0 errors, 0 left on base; Texas 7 - Houston 6 |
BOTTOM OF THE 9TH |
Houston Astros batting - Pitching for Texas Rangers : LHP John Roe
|
Pitching: RHP Gavin Nelson
|
|
Batting: LHB Bryce Hill
|
0-0: Ball 1-0: Ball 2-0: Ball 3-0: Base on Balls
|
Batting: RHB Eric Chotkowski
|
0-0: Fly out, F4 (Popup, 13, EV 85.0 MPH)
|
Batting: LHB Jim Keefe
|
0-0: Foul Ball, location: 2F 0-1: Ball 1-1: Swinging Strike 1-2: Ball 2-2: Strikes out swinging
|
Batting: LHB Chris Cabrera
|
0-0: Called Strike 0-1: Ball 1-1: Ball 2-1: Foul Ball, location: 2F 2-2: Ball 3-2: Strikes out swinging
|
Bottom of the 9th over - 0 runs, 0 hits, 0 errors, 1 left on base; Texas 7 - Houston 6 |
|